AoeStats
← NPG | FishCL

Yucatan

503466942Analyzed
4v4 RM · 1mo ago on Aug 31, 2026· 62m 52s· 8 players
Game mode
Random Map
Map size
Large (8 player)
Population
200
Speed
Normal
Resources
Standard
Victory
Conquest
Starting age
Dark Age
Ending age
Imperial Age
RankedLock teamsTeams togetherTeam positionsShared explorationLock speedFull tech treeHidden civsTurbo modeCheats
Victory
Defeat
🇨🇱 Britons · Chile
1717
+8
🇨🇱 Franks · Chile
1662
+10
🇨🇱 Khmer · Chile
1577
+14
🇩🇪 Mongols · Germany
1444
+20
🇹🇼 Spanish · Taiwan
1558
-14
🇲🇽 Mongols · Mexico
1547
-14
🇧🇷 Mongols · Brazil
1539
-13
🇭🇰 Japanese · Hong Kong SAR China
1474
-10
César UAM
6:28 Loom
9:12 Feudal Age
9:49 Double-Bit Axe
13:48 Castle Age
13:15 Forging
14:06 Light Cavalry
16:08 Iron Casting
18:49 Wheelbarrow
21:20 Loom
21:54 Horse Collar
22:27 Bow Saw
23:55 Scale Barding Armor
23:57 Husbandry
24:01 Gold Mining
25:20 Bloodlines
27:39 Hand Cart
28:58 Town Watch
29:50 Chain Barding Armor
34:53 Imperial Age
33:36 Gold Shaft Mining
33:26 Heavy Plow
34:54 Heavy Camel Rider
36:35 Blast Furnace
35:59 Conscription
35:29 Elite Steppe Lancer
42:39 Hussar
44:48 Fletching
48:04 Ballistics
48:45 Chemistry
47:42 Bodkin Arrow
50:05 Bracer
50:06 Padded Archer Armor
50:32 Drill
49:35 Capped Ram
50:25 Elite Mangudai
52:29 Leather Archer Armor
54:55 Parthian Tactics
54:36 Thumb Ring
55:59 Caravan
Sorrateiro
6:22 Loom
8:52 Feudal Age
11:15 Town Watch
12:43 Wheelbarrow
15:15 Double-Bit Axe
18:00 Castle Age
19:20 Bow Saw
23:19 Gold Mining
23:10 Horse Collar
25:33 Stone Mining
27:46 Gold Shaft Mining
27:47 Stone Shaft Mining
30:58 Imperial Age
28:59 Fletching
29:10 Padded Archer Armor
29:46 Bodkin Arrow
31:01 Leather Archer Armor
31:06 Hand Cart
30:55 Heavy Plow
32:05 Coinage
31:55 Bracer
32:38 Parthian Tactics
33:07 Conscription
32:26 Elite Mangudai
33:28 Husbandry
33:39 Bloodlines
33:37 Thumb Ring
34:29 Banking
36:10 Masonry
38:25 Capped Ram
39:19 Siege Ram
40:57 Drill
43:32 Onager
44:35 Siege Engineers
44:56 Ballistics
46:04 Chemistry
45:12 Siege Engineers
48:00 Sappers
49:08 Hoardings
49:06 Caravan
51:18 Fortified Wall
54:44 Siege Onager
mbxmm
9:54 Feudal Age
9:58 Man-at-Arms
10:48 Double-Bit Axe
11:08 Loom
17:16 Castle Age
16:23 Horse Collar
16:54 Gold Mining
18:27 Fletching
18:38 Padded Archer Armor
19:11 Bodkin Arrow
21:03 Elite Skirmisher
23:44 Ballistics
32:30 Stone Mining
33:49 Wheelbarrow
33:00 Town Watch
34:15 Guard Tower
35:20 Leather Archer Armor
36:02 Bow Saw
40:44 Imperial Age
39:57 Thumb Ring
40:11 Scale Mail Armor
40:22 Forging
40:03 Pikeman
42:22 Conscription
42:07 Bracer
43:12 Chemistry
41:59 Halberdier
42:50 Forging
43:55 Yasama
47:09 Ring Archer Armor
46:37 Murder Holes
47:01 Arrowslits
47:52 Keep
49:11 Two-Man Saw
49:44 Kataparuto
49:26 Treadmill Crane
53:04 Chain Mail Armor
56:42 Plate Mail Armor
56:48 Iron Casting
57:37 Squires
大佑池酒
11:07 Feudal Age
12:22 Loom
15:17 Castle Age
14:23 Double-Bit Axe
16:45 Bow Saw
18:56 Horse Collar
25:52 Imperial Age
24:41 Wheelbarrow
23:57 Gold Mining
25:29 Fletching
25:39 Padded Archer Armor
25:42 Heavy Plow
27:48 Chemistry
28:20 Block Printing
28:55 Leather Archer Armor
29:12 Scale Mail Armor
28:52 Pikeman
30:42 Sanctity
31:13 Bodkin Arrow
32:19 Hand Cart
31:50 Town Watch
32:32 Illumination
32:34 Conscription
32:15 Elite Skirmisher
34:22 Inquisition
34:59 Ballistics
34:41 Bracer
35:12 Ring Archer Armor
38:07 Chain Mail Armor
38:02 Forging
38:36 Scale Barding Armor
39:41 Bloodlines
38:51 Light Cavalry
40:51 Chain Barding Armor
41:07 Iron Casting
41:18 Supremacy
40:56 Hussar
43:38 Plate Barding Armor
44:03 Blast Furnace
45:43 Husbandry
48:22 Blast Furnace
48:12 Masonry
49:25 Hoardings
48:36 Halberdier
52:10 Architecture
51:35 Murder Holes
53:44 Chain Mail Armor
55:24 Plate Mail Armor
55:17 Redemption
56:40 Theocracy
AiM | PoRRo
5:19 Loom
10:14 Feudal Age
16:42 Castle Age
14:56 Double-Bit Axe
15:50 Horse Collar
19:41 Scale Barding Armor
23:34 Fletching
31:34 Wheelbarrow
31:35 Fortified Wall
36:05 Imperial Age
34:15 Elite Skirmisher
35:21 Bodkin Arrow
35:27 Padded Archer Armor
36:27 Ballistics
36:49 Bracer
37:58 Chemistry
39:33 Leather Archer Armor
43:40 Chain Barding Armor
43:54 Bloodlines
43:43 Elite Battle Elephant
44:45 Light Cavalry
45:25 Husbandry
46:08 Plate Barding Armor
45:44 Forging
46:11 Heavy Scorpion
48:12 Conscription
48:32 Iron Casting
47:57 Gold Mining
48:06 Hussar
51:32 Blast Furnace
51:02 Ring Archer Armor
56:21 Bow Saw
56:14 Heavy Plow
60:54 Crop Rotation
61:03 Gold Shaft Mining
60:29 Scale Mail Armor
63:11 Chain Mail Armor
NPG | FishCL
7:05 Loom
10:36 Feudal Age
12:37 Double-Bit Axe
14:53 Castle Age
13:35 Gold Mining
16:12 Bow Saw
21:44 Town Watch
24:49 Wheelbarrow
29:54 Imperial Age
27:52 Scale Barding Armor
28:09 Husbandry
28:23 Forging
29:40 Chain Barding Armor
30:34 Iron Casting
30:16 Cavalier
32:11 Conscription
33:50 Plate Barding Armor
34:12 Gold Shaft Mining
33:43 Paladin
35:38 Blast Furnace
35:07 Hand Cart
36:18 Chivalry
36:32 Elite Throwing Axeman
37:14 Scale Mail Armor
37:30 Masonry
37:49 Squires
37:35 Gambesons
38:11 Chain Mail Armor
38:26 Fletching
38:59 Ballistics
39:40 Chemistry
39:56 Plate Mail Armor
43:41 Hoardings
43:38 Architecture
44:38 Bodkin Arrow
44:50 Siege Engineers
45:48 Padded Archer Armor
52:51 Light Cavalry
60:45 Murder Holes
62:45 Fortified Wall
LLaRLLi
10:29 Feudal Age
8:46 Loom
11:01 Feudal Age
12:45 Wheelbarrow
14:56 Castle Age
14:24 Gold Mining
14:40 Fletching
19:27 Crossbowman
21:26 Bodkin Arrow
22:43 Double-Bit Axe
33:03 Imperial Age
31:30 Bow Saw
32:10 Padded Archer Armor
32:08 Stone Mining
33:04 Horse Collar
33:46 Bracer
34:26 Conscription
34:18 Elite Longbowman
36:29 Chemistry
36:29 Heavy Plow
37:31 Two-Man Saw
37:35 Hand Cart
38:31 Gold Shaft Mining
39:16 Ballistics
40:42 Leather Archer Armor
44:42 Scale Mail Armor
44:53 Forging
44:17 Pikeman
44:57 Squires
45:01 Town Watch
44:55 Halberdier
46:33 Chain Mail Armor
46:54 Iron Casting
47:33 Siege Engineers
48:26 Plate Mail Armor
48:31 Warwolf
49:51 Blast Furnace
49:45 Masonry
50:36 Ring Archer Armor
50:59 Arson
53:18 Architecture
52:31 Treadmill Crane
56:20 Yeomen
57:22 Coinage
Tsunade
8:28 Loom
11:15 Feudal Age
12:29 Double-Bit Axe
12:27 Horse Collar
14:56 Castle Age
15:56 Bow Saw
15:47 Heavy Plow
19:47 Town Watch
24:04 Wheelbarrow
25:22 Hand Cart
26:24 Gold Mining
29:59 Imperial Age
29:08 Gold Shaft Mining
28:24 Stone Mining
28:25 Fletching
29:12 Bodkin Arrow
29:18 Padded Archer Armor
30:40 Bloodlines
30:31 Husbandry
30:37 Thumb Ring
31:03 Bracer
31:28 Ballistics
31:49 Conscription
32:15 Leather Archer Armor
32:26 Parthian Tactics
32:12 Elite Mangudai
34:19 Chemistry
33:30 Masonry
34:18 Town Patrol
35:12 Stone Shaft Mining
34:36 Murder Holes
39:52 Hoardings
43:15 Coinage
46:43 Banking
46:24 Siege Engineers
54:37 Nomads
54:58 Drill
Connection lost

Rejoining the realm…

Still unreachable

The connection could not be restored.

Session expired

The server has moved on; the page needs a fresh start.